 Dungeon Crawl Stone Soup version 0.25-a0-614-g73ad250 (webtiles) character file.

Game seed: 6567199075497972407, levelgen mode: deterministic

128 15 the Vexing (level 5, 0/55 HPs)
             Began as a Formicid Arcane Marksman on Mar 17, 2020.
             Slain by a hound (4 damage)
             ... on level 3 of the Dungeon.
             The game lasted 00:07:14 (1949 turns).

15 the Vexing (Formicid Arcane Marksman)            Turns: 1949, Time: 00:07:15

Health: 0/55       AC: 22    Str: 14    XL:     5   Next: 34%
Magic:  8/8        EV:  2    Int: 14    God:
Gold:   61         SH:  0    Dex: 11    Spells: 5/8 levels left

rFire    . . .     SeeInvis .   h - +0 mace
rCold    . . .     Gourm    .   (no shield)
rNeg     + + +     Faith    .   (armour currently unavailable)
rPois    +         Spirit   .   (helmet unavailable)
rElec    .         Reflect  .   (cloak currently unavailable)
rCorr    .         Harm     .   (gloves currently unavailable)
MR       .....                  (boots currently unavailable)
Stlth    +.........             (no amulet)
HPRegen  0.18/turn              (no ring)
MPRegen  0.11/turn              (no ring)

@: tree-form
A: permanent stasis, dig shafts and tunnels, four strong arms
a: no special abilities


You were on level 3 of the Dungeon.
You were not hungry.
You were a tree.
You visited 1 branch of the dungeon, and saw 3 of its levels.

You collected 61 gold pieces.

Inventory:

Hand Weapons
 a - a +0 hand crossbow
 h - a +0 mace (weapon)
Missiles
 d - 17 bolts
Armour
 e - a +0 robe
 k - a +0 ring mail (melded)
Wands
 r - a wand of random effects (16)
Scrolls
 b - 6 scrolls of remove curse {unknown}
 l - a scroll of identify {unknown}
 o - 2 scrolls of magic mapping {unknown}
 p - a scroll of noise {unknown}
 q - a scroll of enchant weapon {unknown}
Potions
 c - a potion of haste {unknown}
 g - a potion of mutation {unknown}
 i - a potion of ambrosia {unknown}
 j - 2 potions of lignification
 m - a potion of heal wounds {unknown}
 n - a potion of magic {unknown}
Comestibles
 f - 3 rations
 s - 6 chunks of flesh


   Skills:
 * Level 1.6 Fighting
 * Level 1.4 Maces & Flails
 * Level 2.6 Crossbows
 * Level 1.2 Armour
 * Level 2.1 Dodging
 * Level 2.3 Spellcasting
 * Level 4.5 Hexes


You had 5 spell levels left.
You knew the following spells:

 Your Spells              Type           Power        Failure   Level  Hunger
a - Corona                Hex            ##.....      3%          1    #......
b - Slow                  Hex            ##......     5%          2    ###....

Your spell library contained the following spells:

 Spells                   Type           Power        Failure   Level  Hunger
 Inner Flame              Hex/Fire       #.......     26%         3    ###....
 Portal Projectile        Hex/Tloc       #.....       26%         3    ###....
 Cause Fear               Hex            ##........   34%         4    #####..
 Leda's Liquefaction      Hex/Erth       #.........   65%         4    #####..


Dungeon Overview and Level Annotations

Branches:
Dungeon (3/15)

Altars:
Kikubaaqudgha
Nemelex Xobeh


Innate Abilities, Weirdness & Mutations

You cannot be hasted, slowed, berserked, paralysed or teleported.
You can dig through walls and to a lower floor.
Your four strong arms can wield two-handed weapons with a shield.
((You have a pair of large antennae on your head. (SInv)))


Message History

Unknown command.
It was a potion of lignification.
You turn into a tree.
Your +0 ring mail melds into your body.
Your roots penetrate the ground.
The hound bites you but does no damage.
Unknown command.
You hit the hound but do no damage.
The hound is almost dead.
The hound bites you but does no damage. The hound bites you.
* * * LOW HITPOINT WARNING * * *
You closely miss the hound.
The hound is almost dead.
The hound bites you but does no damage. The hound bites you.
* * * LOW HITPOINT WARNING * * *
You hit the hound.
The hound is almost dead.
The hound bites you but does no damage. x2
You barely miss the hound.
The hound is almost dead.
The hound stops glowing.
The hound bites you.
You die...

########
#......# #.<#
#♣## #h# ##S#
.########..#
.......)..##
........###
........######.
...............
.......S####.##


You could see a hound and an adder.

Vanquished Creatures
  Natasha (thrice) (D:2)
  An adder (D:2)
  An ooze (D:2)
  A worm (D:2)
  A leopard gecko (D:2)
  3 goblins
  4 hobgoblins
  6 jackals
  A quokka (D:2)
  A ball python (D:2)
  5 bats
  2 frilled lizards (D:2)
  6 kobolds (D:1)
  2 rats
37 creatures vanquished.

Notes
Turn   | Place    | Note
-------+----------+-------------------------------------------
     0 | D:1      | 15 the Formicid Arcane Marksman began the quest for the
                  | Orb.
     0 | D:1      | Reached XP level 1. HP: 15/15 MP: 2/2
    22 | D:1      | Reached XP level 2. HP: 21/21 MP: 3/3
    27 | D:1      | Found a sparkling altar of Nemelex Xobeh.
   160 | D:1      | Learned a level 2 spell: Slow
   200 | D:1      | Reached skill level 4 in Hexes
   543 | D:2      | Reached XP level 3. HP: 26/26 MP: 5/5
  1093 | D:2      | Reached skill level 1 in Maces & Flails
  1093 | D:2      | Reached XP level 4. HP: 24/32 MP: 1/6
  1414 | D:2      | Noticed Natasha
  1423 | D:2      | Killed Natasha
  1443 | D:2      | Found an ancient bone altar of Kikubaaqudgha.
  1564 | D:2      | Noticed Natasha
  1574 | D:2      | Killed Natasha
  1574 | D:2      | Reached skill level 1 in Armour
  1574 | D:2      | Reached XP level 5. HP: 25/37 MP: 1/8
  1836 | D:2      | Noticed Natasha
  1854 | D:2      | Killed Natasha
  1949 | D:3      | Slain by a hound

Levels and vault maps discovered:
D:1:      nicolae_arrival_memento_mori, layout_rooms, hangedman_decor_riveting,
          nemelex_xobeh_ov_fountains_minmay
D:2:      layout_basic, lemuel_coloured_pillars_altar, first_ration,
          uniq_natasha
D:3:      layout_rooms, lemuel_crystal_altar, lemuel_round_altar,
          nicolae_gozag_zags_fifth_avenue, uniq_crazy_yiuf_cottage, uniq_sigmund

Skill      XL: |  1  2  3  4 |
---------------+-------------+-----
Hexes          | 4 |  4.5
Dodging        | 2 |  2.1
Maces & Flails | 1 |  1.4
Spellcasting   | 2 |  2.3
Armour         | 1 |  1.2
Fighting       | |  1.6
Crossbows      | |  2.6

Action                   |  1- 3 |  4- 6 || total
-------------------------+-------+-------++-------
Melee: Mace              |    58 |    39 ||    97
 Fire: Hand crossbow     |    32 |     3 ||    35
 Cast: Corona            |     6 |     6 ||    12
       Slow              |     3 |     4 ||     7
  Use: Potion            |       |     1 ||     1
  Eat: Chunk             |     1 |     3 ||     4
Armor: Ring mail         |    32 |    12 ||    44
       Skin              |       |     5 ||     5
Dodge: Dodged            |    53 |    22 ||    75

Table legend:
 A = Non-vault XP
 B = Vault XP
 C = Vault XP percentage of total XP
 D = Non-vault monster count
 E = Vault monster count
 F = Vault count percentage of total count
                 A         B        C        D         E       F
            +---------+---------+-------+---------+---------+-------
      Total |     149 |      35 |  19.0 |      36 |       1 |   2.7
            +---------+---------+-------+---------+---------+-------
        D:1 |      21 |       0 |   0.0 |      14 |       0 |   0.0
        D:2 |     124 |      35 |  22.0 |      20 |       1 |   4.8
        D:3 |       4 |       0 |   0.0 |       2 |       0 |   0.0
            +---------+---------+-------+---------+---------+-------
